 Dungeon Crawl Stone Soup version 0.29-a0-317-gd16b76e6b1 (webtiles) character file.

Game seed: 11442309770885756353

19 Dabor the Ruffian (level 2, 0/25 HPs)
             Began as a Naga Transmuter on Mar 31, 2022.
             Slain by a hobgoblin (2 damage)
             ... on level 1 of the Dungeon.
             The game lasted 00:00:53 (1018 turns).

Dabor the Ruffian (Naga Transmuter)                 Turns: 1018, Time: 00:00:54

Health: 0/25       AC:  1    Str: 12    XL:     2   Next: 75%
Magic:  5/5        EV: 10    Int: 13    God:
Gold:   7          SH:  0    Dex: 11    Spells: 4/5 levels left

rFire   . . .      SeeInvis +     - Unarmed
rCold   . . .      Faith    .   (no shield)
rNeg    . . .      Spirit   .   a - +0 robe
rPois   +          Reflect  .   (no helmet)
rElec   .          Harm     .   (no cloak)
rCorr   .          Rampage  .   (no gloves)
Will    .....                   (no barding)
Stlth   +.........              (no amulet)
HPRegen 0.08/turn               (no ring)
MPRegen 0.09/turn               (no ring)

@: very slow
A: AC +0, large, see invisible, deformed body, poison resistance, slowness 2,
spit poison 1, naga tail 1
a: Spit Poison


You were on level 1 of the Dungeon.
You visited 1 branch of the dungeon, and saw 1 of its levels.

You collected 7 gold pieces.

Inventory:

Armour
 a - a +0 robe (worn)
Potions
 b - a potion of lignification
 c - a potion of degeneration {unknown}


   Skills:
 * Level 1.3 Fighting
 * Level 1.8 Dodging
 + Level 1.0 Stealth
 * Level 3.1 Unarmed Combat
 * Level 2.2 Spellcasting
 * Level 2.1 Transmutations


You had 4 spell levels left.
You knew the following spells:

 Your Spells              Type           Power      Damage    Failure   Level
a - Beastly Appendage     Tmut           14%        N/A       11%         1

Your spell library contained the following spells:

 Spells                   Type           Power      Damage    Failure   Level
 Wereblood                Tmut           7%         N/A       16%         2
 Spider Form              Tmut/Pois      4%         N/A       43%         3
 Ice Form                 Ice/Tmut       4%         N/A       85%         4


Dungeon Overview and Level Annotations

Branches:
Dungeon (1/15)

Altars:


Innate Abilities, Weirdness & Mutations

Your serpentine skin is tough. (AC +0)
You have supernaturally acute eyesight. (SInv)
Armour fits poorly on your strangely shaped body.
Your system is resistant to poisons. (rPois)
You cover ground very slowly.
You can spit poison.
You have a snake-like lower body.


Message History

You hit the dart slug. You headbutt the dart slug.
You kill the dart slug!
The rat barely misses you.
Your Stealth skill increases to level 1!
You hit the rat.
You kill the rat!
Found 4 boomerangs.
Your horns disappear.
The hobgoblin hits you.
You are too injured to fight recklessly!
You are too injured to fight recklessly!
You are too injured to fight recklessly!
You are too injured to fight recklessly!
You hit the hobgoblin.
The hobgoblin is lightly wounded.
The hobgoblin completely misses you.
You barely miss the hobgoblin.
The hobgoblin is lightly wounded.
The hobgoblin barely misses you.
You closely miss the hobgoblin.
The hobgoblin is lightly wounded.
The hobgoblin barely misses you.
You barely miss the hobgoblin.
The hobgoblin is lightly wounded.
The hobgoblin hits you.
* * * LOW HITPOINT WARNING * * *
You closely miss the hobgoblin.
The hobgoblin is lightly wounded.
The hobgoblin hits you.
* * * LOW HITPOINT WARNING * * *
You closely miss the hobgoblin.
The hobgoblin is lightly wounded.
The hobgoblin barely misses you.
You closely miss the hobgoblin.
The hobgoblin is lightly wounded.
The hobgoblin closely misses you.
You hit the hobgoblin.
The hobgoblin is almost dead.
The hobgoblin hits you.
You die...

#..# .#.# .....
...# ..... ...
#.#$# #.# ## #.#.#
##..##..# #
#.#.###........
#.###.#....).......
#.........†@g......
####......#†.......
#..#####........
#..# ....>.... #..#
(........ #..#
##........ ####..#
##..##..# #.....#
### ###
######.##.##


You could see a hobgoblin.

Vanquished Creatures
  A dart slug (D:1)
  2 bats (D:1)
  3 endoplasms (D:1)
  A giant cockroach (D:1)
  A hobgoblin (D:1)
  3 kobolds (D:1)
  A frilled lizard (D:1)
  5 rats (D:1)
17 creatures vanquished.

Notes
Turn   | Place    | Note
-------+----------+-------------------------------------------
     0 | D:1      | Dabor the Naga Transmuter began the quest for the Orb.
     0 | D:1      | Reached XP level 1. HP: 18/18 MP: 3/3
   607 | D:1      | Reached XP level 2. HP: 25/25 MP: 3/5
  1009 | D:1      | Reached skill level 1 in Stealth
  1018 | D:1      | Slain by a hobgoblin

Illustrated notes

Levels and vault maps discovered:
D:1:      lemuel_arrival_behind_the_door_small, layout_loops_ring, st_stairs_5

Skill      XL: |  1  2 |
---------------+-------+-----
Stealth        | 1 |  1.0
Fighting       | |  1.3
Dodging        | |  1.8
Unarmed Combat | |  3.1
Spellcasting   | |  2.2
Transmutations | |  2.1

Action                   || total
-------------------------++-------
Melee: Unarmed           ||    53
       Headbutt          ||     7
 Cast: Beastly Appendage ||    11
Armor: Robe              ||    10
Dodge: Dodged            ||    28

Table legend: (Time is in decaauts)
 A = Elapsed time spent in this place.
 B = Non-inter-level travel time spent in this place.
 C = Inter-level travel time spent in this place.
 D = Time resting spent in this place.
 E = Time spent auto-exploring this place.
 F = Levels seen in this place.
 G = Mean time per level.
                   A        B        C        D        E       F      G
               +--------+--------+--------+--------+--------+-----+--------+
         Total |   1072 |   1072 |      0 |    583 |    340 |   1 | 1072.0 |
       Dungeon |   1072 |   1072 |      0 |    583 |    340 |   1 | 1072.0 |
               +--------+--------+--------+--------+--------+-----+--------+

Top non-repeatable levels by time:
     D:1: 1072 daAuts
